Unix NetHack Version 5.0.0-0 post-release - last build Jul 19 2026 19:10:59 (3aa4ab31751d3886436d94b585a96704892fd477,branch:main).

Game began 2026-07-10 11:49:35, ended 2026-07-30 15:49:48.

Galadhan1, lawful female dwarven Valkyrie

                  --------------------------------
                  |........................%..........
                  |........%..%....----%----......... .
                  |.....%%...?....--.......--%.......%..
                  |............*.-- ........--..........
            ----- |......%%.%.%..|  ....%... |...........     -----
             ...| ------...-------  .%..%%.   ------.%%-      |...
     ---------..--   ----)----      ...%%..       ---%---    --.A---------
     |.......|...-- --...%...--   -----%-----     ..)..%.-- --A)a|.......|
     |.......|.%..---..%...%..-----..%%%%...---   ........---....|.%@@...|
     |..._...%...%?-%..........||...%)%%......|    .....@%.-=N%..-..)@...|a
     |.......|....---...%.....--|. ----|---- .|    .......---..@a|..@.A..| A
     |.......|.%.-- --.......-- |  |...%...|  |     .....-- --.@.|@...A..|@
     ---------..--   ---------     |...)...|         -----   --..---------D
             ...|                  |..._...|                  |...      @
            -----                  |.......|                  -----
                                   |.......|
                                   ---------

Galadhan1 the Warrior       St:25 Dx:19 Co:20 In:11 Wi:16 Ch:16  Lawful
Astral Plane $:0  HP:91(170) Pw:4(4) AC:-22 Xp:17 T:74275 

Latest messages:
 The priest of Moloch swings his mace at the Angel of Moloch.
 The priest of Moloch hits the Angel of Moloch.
 The priest of Moloch hits the Angel of Moloch.
 The Angel of Moloch swings her long sword at the priest of Moloch.
 The Angel of Moloch hits the priest of Moloch.
 The Angel of Moloch swings her long sword at the priest of Moloch.
 The Angel of Moloch hits the priest of Moloch.
 The Angel of Moloch hits the priest of Moloch.
 The guardian naga spits venom!
 The splash of venom misses the killer bee.
 A splash of venom misses you.
 You kill the Angel of Moloch!
 The killer bee misses the giant ant.
 The killer bee misses the giant ant.
 The killer bee stings the priest of Odin.
 The priest of Odin swings his mace at the killer bee.
 The priest of Odin misses the killer bee.
 The priest of Odin hits the killer bee.
 The killer bee is killed!
 The Angel of Loki swings his long sword at the Angel of Moloch.
 The Angel of Loki hits the Angel of Moloch.
 The Angel of Loki swings his long sword at the Angel of Moloch.
 The Angel of Loki misses the Angel of Moloch.
 The Angel of Loki hits the Angel of Moloch.
 The priest of Moloch swings his mace at the high priest of Tyr.
 The priest of Moloch hits the high priest of Tyr.
 The priest of Moloch hits the high priest of Tyr.
 The high priest of Tyr wields a mace!
 The mace welds itself to the high priest of Tyr's hand!
 The Angel of Moloch swings his long sword at the Angel of Loki.
 The Angel of Moloch hits the Angel of Loki.
 The Angel of Moloch swings his long sword at the Angel of Loki.
 The Angel of Moloch hits the Angel of Loki.
 The Angel of Moloch misses the Angel of Loki.
 The guardian naga spits venom!
 A splash of venom misses you.
 Please move the cursor to a monster, object or location.
 (For instructions type a '?')
 What do you want to sacrifice? [i or ?*] *
 You offer the Amulet of Yendor to Tyr...
 An invisible choir sings, and you are bathed in radiance...
 The voice of Tyr booms out: "Mortal, thou hast done well!"
 "In return for thy service, I grant thee the gift of Immortality!"
 You ascend to the status of Demigoddess...
 Do you want your possessions identified? [ynq] (y) y
 Do you want to see your attributes? [ynq] (y) y
 Do you want an account of creatures vanquished? [ynaq] (y) y
 Do you want a list of species genocided and extinct? [ynaq] (y) y
 Do you want to see your conduct and achievements? [ynq] (y) y
 Do you want to see the dungeon overview? [ynq] (y) y

Inventory:
 Amulets  ('"')
  z - an uncursed amulet of life saving (being worn)
 Weapons  (')')
  H - the blessed +5 Grayswandir (weapon in right hand)
 Armor    ('[')
  N - an uncursed rustproof +3 helm of telepathy (being worn)
  u - an uncursed rustproof +2 pair of gauntlets of power (being worn)
  E - an uncursed fireproof +2 pair of speed boots (being worn)
  x - an uncursed +0 shield of reflection (being worn)
  l - an uncursed thoroughly burnt +0 cloak of protection (being worn)
  A - a blessed +2 Hawaiian shirt with a water nymph motif (being worn)
  v - an uncursed +1 gray dragon scale mail (being worn)
 Comestibles  ('%')
  D - an uncursed C-ration
  b - 2 uncursed lembas wafers
 Scrolls  ('?')
  e - an uncursed scroll of blank paper
 Rings    ('=')
  d - an uncursed ring of conflict (on left hand)
  R - an uncursed ring of levitation
  w - an uncursed ring of sustain ability (on right hand)
 Wands    ('/')
  q - a wand of cancellation (0:1)
  S - a wand of cold (0:0)
  y - a blessed wand of death (0:5)
  m - a wand of digging (0:0)
  C - a wand of magic missile (0:0)
  F - a wand of striking (0:0)
  f - a wand of teleportation (0:0)
  I - a wand of teleportation (0:0)
  U - a cursed wand of teleportation (0:0)
 Tools    ('(')
  j - a blessed bag of holding containing 58 items
  g - the blessed Bell of Opening (1:0)
  G - the uncursed Candelabrum of Invocation (0 of 7 candles attached)
  X - an uncursed lock pick
  k - a blessed magic lamp (lit)
  h - a magic marker (0:48)
  Y - the blessed Orb of Fate (0:0)
  s - an uncursed tin opener
  c - a tinning kit (0:68)
  n - an uncursed moist towel
  o - a blessed +0 unicorn horn

Contents of the bag of holding:
  an uncursed amulet of flying
  an uncursed amulet of guarding named B/U
  an uncursed amulet of life saving
  an uncursed amulet of reflection
  the rustproof +6 Mjollnir
  an uncursed +0 pair of speed boots
  an uncursed thoroughly burnt +2 cloak of magic resistance
  an uncursed +0 mummy wrapping
  7 uncursed C-rations
  4 uncursed food rations
  an uncursed tin of Wizard of Yendor meat
  an uncursed scroll of enchant weapon
  an uncursed scroll of identify
  an uncursed scroll of magic mapping
  an uncursed scroll of stinking cloud
  a blessed potion of gain level
  2 uncursed diluted potions of gain level
  a cursed potion of gain level
  3 uncursed potions of restore ability
  2 blessed potions of speed
  4 potions of holy water
  2 uncursed potions of water
  an uncursed ring of polymorph control
  an uncursed ring of slow digestion
  a wand of cold (0:5)
  a wand of cold (0:0)
  a wand of digging (0:8)
  a wand of digging (0:5)
  a wand of digging (0:4)
  a wand of digging (0:4)
  a wand of digging (0:3)
  a wand of digging (0:1)
  a blessed wand of enlightenment (0:8)
  a wand of fire (0:4)
  a wand of opening (0:1)
  a wand of polymorph (0:6)
  a wand of probing (0:8)
  a wand of teleportation (0:6)
  a wand of teleportation (0:4)
  a wand of teleportation (0:1)
  an uncursed bugle
  an uncursed stethoscope
  11 uncursed agate stones
  9 uncursed amber stones
  an uncursed amethyst stone
  2 uncursed aquamarine stones
  an uncursed chrysoberyl stone
  an uncursed citrine stone
  an uncursed diamond
  6 uncursed dilithium crystals
  8 uncursed garnet stones
  8 uncursed jacinth stones
  6 uncursed jasper stones
  4 uncursed jet stones
  7 uncursed rubies
  5 uncursed sapphires
  an uncursed turquoise stone
  a blessed luckstone

Galadhan1 the Valkyrie's attributes:

Background:
 You were a Warrior, a level 17 dwarven Valkyrie.
 You were lawful, on a mission for Tyr
 who was opposed by Odin (neutral) and Loki (chaotic).
 You were right-handed.
 You were in the endgame, on the Astral Plane.
 You entered the dungeon 74275 turns ago.
 There was a full moon in effect when your adventure ended.
 You had 646873 experience points, 633127 more were needed to attain level 18.

Basics:
 You had 91 out of 170 hit points.
 You had all 4 energy points (spell power).
 Your armor class was -22.
 Your wallet was empty.
 Autopickup was off.

Final Characteristics:
 Your strength was 25 (base:18/06, peak:18/07, innate limit:18/100).
 Your dexterity was 19 (limit:20).
 Your constitution was 20 (limit:20).
 Your intelligence was 11 (limit:16).
 Your wisdom was 16 (limit:16).
 Your charisma was 16 (limit:16).

Final Status:
 You weren't hungry.
 You were unencumbered.
 You were wielding a saber.
 You had basic skill with saber.

Final Attributes:
 You were the Hand of Elbereth.
 You were piously aligned.
 You were magic-protected.
 You were fire resistant.
 You were cold resistant.
 You were sleep resistant.
 You were disintegration resistant.
 You were shock resistant.
 You were poison resistant.
 You resisted hallucinations.
 You saw invisible.
 You were telepathic.
 You were warned.
 You had infravision.
 You were stealthy.
 You caused conflict.
 You had a moderate defense bonus (+8).
 You were protected.
 You took half physical damage.
 You took half spell damage.
 You were very fast.
 You had reflection.
 You had fixed abilities.
 Your life would have been saved.
 You were extremely lucky.
 You had extra luck.
 Good luck did not time out for you.
 You survived.

Miscellaneous:
 You encountered 1 bones level.
 Total elapsed playing time was 2 days, 8 hours, 15 minutes and 51 seconds.

Major events:
 Turn
    1: Galadhan1 the lawful dwarven Valkyrie entered the dungeon
 1275: attained the rank of Skirmisher (level 3)
 2130: entered the Gnomish Mines
 3768: attained the rank of Fighter (level 6)
 4724: reached Mine Town
 8490: entered Sokoban
10276: was bestowed with Mjollnir by Tyr
13205: attained the rank of Woman-at-arms (level 10)
13619: acquired the Mines' End luckstone
16563: performed her first genocide (mind flayers)
16866: genocided class L
17579: entered Home 1, the Quest
27897: completed 2nd Sokoban level
28335: completed 3rd Sokoban level
29704: completed 4th Sokoban level
30422: acquired the Sokoban bag of holding
32441: attained the rank of Warrior (level 14)
32554: the Norn has granted access to proceed deeper into the quest
32599: entered Home 2, the Quest
32859: entered Home 3, the Quest
33400: entered Home 4, the Quest
33632: entered Home 5, the Quest
34296: found the Orb of Fate on the floor
34421: killed Lord Surtur
34423: acquired the Bell of Opening
41311: killed Medusa
43739: entered Gehennom
46486: made her first wish - "blessed rustproof +2 gauntlets of power", got "a pair of old gloves"
46492: wished for "blessed fireproof +2 pair of speed boots", got "a pair of combat boots"
47463: wished for "blessed ring of levitation", got "a brass ring"
49133: made her first artifact wish - "blessed +2 Grayswandir", got "a silver saber named Grayswandir"
50478: was bestowed with Sunsword by Tyr
52249: found Trollsbane on the floor
52951: killed Juiblex
52954: genocided class ;
53424: bribed Asmodeus with 426 zorkmids for safe passage
56225: bribed Baalzebub with 1664 zorkmids for safe passage
57857: killed Orcus
59053: destroyed Vlad the Impaler
59054: acquired the Candelabrum of Invocation
67909: genocided master mind flayers
68840: was crowned "The Hand of Elbereth" by Tyr
70782: killed the Wizard of Yendor
70795: acquired the Book of the Dead
70964: performed the invocation
71237: killed the Wizard of Yendor (2nd time)
71244: killed the Wizard of Yendor (3rd time)
71504: killed the high priest of Moloch
71507: acquired The Amulet of Yendor
71509: wished for "blessed wand of death", got "a wand of death"
71560: killed Yeenoghu
73333: killed the Wizard of Yendor (5th time)
73374: entered the Elemental Planes
73374: entered Plane of Earth
73465: entered Plane of Air
73580: entered Plane of Fire
73748: entered Plane of Water
74080: entered the Astral Plane
74134: killed Death
74206: killed Famine
74248: killed Pestilence
74275: ascended

You didn't know any spells.

Skills:
 Fighting Skills
   bare handed combat [Basic]
   two weapon combat  [Unskilled]
   riding             [Unskilled]
 Weapon Skills
   dagger             [Skilled]
   axe                [Unskilled]
   pick-axe           [Unskilled]
   short sword        [Unskilled]
   broadsword         [Unskilled]
   long sword         [Unskilled]
   two-handed sword   [Unskilled]
   saber              [Basic]
   hammer             [Expert]
   quarterstaff       [Unskilled]
   polearms           [Unskilled]
   spear              [Expert]
   trident            [Unskilled]
   lance              [Unskilled]
   sling              [Unskilled]
 Spellcasting Skills
   attack spells      [Unskilled]
   escape spells      [Unskilled]

Voluntary challenges:
 Character rerolling was not enabled.
 You genocided 12 types of monsters.
 You never polymorphed an object.
 You used 5 wishes (1 for an artifact).
 You violated the special Sokoban rules thrice.
Achievements:
 You attained the rank of Skirmisher.
 You entered the Gnomish Mines.
 You attained the rank of Fighter.
 You entered Minetown.
 You entered a shop.
 You entered a temple.
 You entered Sokoban.
 You attained the rank of Woman-at-arms.
 You completed the Gnomish Mines.
 You completed Sokoban.
 You attained the rank of Warrior.
 You had the Bell of Opening.
 You defeated Medusa.
 You entered Gehennom.
 You had the Candelabrum of Invocation.
 You handled the Book of the Dead.
 You gained access to Moloch's Sanctum.
 You reached the Elemental Planes.
 You reached the Astral Plane.
 You delivered the Amulet of Yendor.
 You ascended!

 The Elemental Planes:
    Astral Plane: <- You are here.
       Many temples and many altars.
    Plane of Water:
    Plane of Fire:
    Plane of Air:
    Plane of Earth:
 The Dungeons of Doom: levels 1 to 28
    Level 1:
       A fountain, a sink.
       One way stairs up to The Elemental Planes.
    Level 2:
       A grave.
    Level 3:
       A fountain.
    Level 4:
       A fountain.
       Stairs down to The Gnomish Mines.
    Level 5:
       Final resting place for
          BATTLEMODE-Wiz-Elf-Fem-Cha, petrified by a chickatrice.
    Level 6:
       Oracle of Delphi.
    Level 7:
       Many altars.
       Stairs up to Sokoban, level 6.
    Level 8:
       A grave.
    Level 9:
    Level 10:
    Level 11:
       A potion shop, an altar.
    Level 12:
       A fountain.
       Portal to The Quest.
    Level 13:
       A general store, an altar to Tyr.
    Level 14:
       A fountain.
    Level 15:
       A primitive area.
    Level 16:
       A scroll shop.
    Level 17:
       A temple and some altars.
    Level 18:
       An altar to Tyr, many trees.
    Level 19:
       Some shops.
    Level 20:
       A temple and an altar to Tyr.
    Level 21:
    Level 22:
       An altar to Tyr.
    Level 23:
    Level 24:
       Many trees.
    Level 25:
    Level 26:
    Level 27:
    Level 28:
       The castle.
       Connection to Gehennom.
 Gehennom: levels 29 to 50
    Level 29:
       A temple and an altar, many graves.
       Valley of the Dead.
    Level 30:
    Level 31:
    Level 32:
    Level 33:
       Many fountains.
    Level 34:
    Level 35:
    Level 36:
    Level 37:
    Level 38:
       Some shops, an altar, many graves.
    Level 39:
       Stairs up to Vlad's Tower, level 38.
    Level 40:
    Level 41:
    Level 42:
    Level 43:
    Level 44:
    Level 45:
    Level 46:
    Level 47:
    Level 48:
    Level 49:
    Level 50:
       A temple and an altar, many graves.
       Moloch's Sanctum.
 The Gnomish Mines: levels 5 to 12
    Level 5:
    Level 6:
    Level 7:
    Level 8:
       Many shops, a temple and an altar, some fountains.
    Level 9:
    Level 10:
    Level 11:
    Level 12:
       Some fountains.
 The Quest: levels 1 to 5
    Level 1:
       A fountain.
       Completed quest for the Norn.
    Level 2:
    Level 3:
    Level 4:
    Level 5:
 Sokoban: levels 6 up to 3
    Level 3:
       Solved.
    Level 4:
       Solved.
    Level 5:
       Solved.
    Level 6:
       Unsolved.
 Vlad's Tower: levels 38 up to 36
    Level 36:
       A throne.
    Level 37:
    Level 38:


Vanquished creatures:
    Orcus
    Yeenoghu
    Juiblex
the Wizard of Yendor (6 times)
    Death
    Pestilence
    Famine
    Vlad the Impaler
  a high cleric
  2 mastodons
    Medusa
  a kraken
  5 iron golems
  2 storm giants
  2 glass golems
  9 balrogs
  6 purple worms
  3 gray dragons
  3 gold dragons
 12 red dragons
  3 white dragons
  5 black dragons
  7 blue dragons
  2 green dragons
  2 yellow dragons
 37 minotaurs
  7 jabberwocks
    Lord Surtur
 11 baluchitheria
 18 Angels
  a stone golem
  3 master mind flayers
  7 Olog-hai
  3 Nazgul
 19 pit fiends
  3 sandestins
 13 hell hounds
  3 displacer beasts
  9 titanotheres
  5 trappers
  3 baby red dragons
  a baby white dragon
  a baby blue dragon
  3 baby yellow dragons
  4 genetic engineers
  5 disenchanters
 41 vampire leaders
  9 skeletons
 16 aligned clerics
  9 captains
  6 shades
  5 clay golems
 12 nurses
 25 ice devils
  7 nalfeshnees
  4 lurkers above
  2 ettins
  2 golden nagas
 11 black puddings
 35 vampires
  6 lieutenants
 31 ghosts
  3 winged gargoyles
  7 giant mimics
 12 long worms
  4 zruties
 31 fire giants
 11 ogre tyrants
  2 ice trolls
  4 rock trolls
  9 umber hulks
 16 flesh golems
  7 elven monarchs
  4 doppelgangers
 an erinys
 25 hezrous
 35 bone devils
 11 large mimics
  2 wumpuses
 14 fire vortices
  a couatl
 18 stalkers
 15 air elementals
 22 fire elementals
 17 earth elementals
 18 water elementals
 18 hill giants
  3 giant mummies
  4 black nagas
 10 xorns
 28 giant zombies
 12 elf-nobles
 12 sergeants
  4 water demons
 13 barbed devils
 23 vrocks
 13 salamanders
 17 wargs
  7 winter wolves
 29 hell hound pups
 21 small mimics
  2 glass piercers
  5 warhorses
 12 steam vortices
 15 xans
 10 ettin mummies
 16 ogre leaders
 11 quantum mechanics
 15 trolls
  a sasquatch
  5 wood golems
  9 mariliths
  2 djinn
  5 sharks
 17 gelatinous cubes
 11 pyrolisks
  5 large dogs
  5 freezing spheres
 13 flaming spheres
 13 shocking spheres
  4 large cats
 12 tigers
 15 gargoyles
  a dwarf ruler
  3 tengu
 11 ochre jellies
 12 leocrottas
 10 energy vortices
  4 mountain centaurs
  a stone giant
  9 elf mummies
  7 human mummies
  5 red nagas
  4 green slimes
 16 pythons
 21 pit vipers
 11 cobras
 42 wraiths
  9 carnivorous apes
 17 ettin zombies
  3 leather golems
 15 Grey-elves
 55 soldiers
  3 watchmen
 11 amorous demons
  7 horned devils
 13 chameleons
  5 crocodiles
 62 giant beetles
  7 quivering blobs
 28 cockatrices
 23 wolves
 12 winter wolf cubs
  2 lynxes
  3 panthers
 52 gremlins
  4 spotted jellies
 25 leprechauns
  6 orc-captains
  7 iron piercers
  7 mumakil
 18 giant spiders
  9 scorpions
 12 horses
  3 ice vortices
 23 black lights
 11 vampire bats
  6 forest centaurs
  3 gnome rulers
  4 orc mummies
  5 dwarf mummies
 10 ogres
  5 brown puddings
 12 rust monsters
 18 owlbears
 11 yetis
  3 gold golems
  9 werewolves
 25 Green-elves
  6 giant eels
 17 lizards
  6 chickatrices
  3 dingoes
  2 dogs
  8 housecats
  5 jaguars
  4 blue jellies
  5 gray unicorns
  3 black unicorns
  6 dust vortices
 12 ravens
  5 plains centaurs
  6 gnome mummies
 13 snakes
  8 water moccasins
  9 apes
 29 human zombies
  6 rope golems
 14 Woodland-elves
 80 soldier ants
106 fire ants
  9 bugbears
 an imp
  3 lemures
  5 quasits
 12 wood nymphs
  6 water nymphs
  8 mountain nymphs
 17 Mordor orcs
 18 Uruk-hai
  6 orc shamans
 16 rock piercers
  3 rock moles
  5 ponies
 11 fog clouds
 12 yellow lights
  4 shriekers
  5 violet fungi
  6 gnome leaders
  3 gnomish wizards
  4 kobold mummies
  4 black naga hatchlings
  a golden naga hatchling
  3 gray oozes
  5 barrow wights
 15 elf zombies
 26 ghouls
  6 straw golems
  3 paper golems
  4 jellyfish
 78 giant ants
  4 little dogs
 18 floating eyes
  a kitten
  2 dwarves
  5 homunculi
  5 kobold leaders
  4 kobold shamans
 34 hill orcs
 31 rothes
  5 rabid rats
  4 centipedes
  7 giant bats
  3 monkeys
 26 orc zombies
 21 dwarf zombies
  3 wererats
  2 werejackals
  8 iguanas
 67 killer bees
  2 acid blobs
  6 coyotes
  4 gas spores
  2 hobbits
  6 manes
  a large kobold
 15 hobgoblins
 17 giant rats
 11 cave spiders
  2 brown molds
  3 yellow molds
  3 green molds
  2 red molds
 34 gnomes
  7 garter snakes
 14 gnome zombies
 15 geckos
 13 jackals
  3 foxes
  6 kobolds
  2 goblins
  2 sewer rats
 15 grid bugs
 10 bats
  7 lichens
 15 kobold zombies
 11 newts
3013 creatures vanquished.

Genocided or extinct species:
 arch-liches
 krakens
 master liches
 demiliches
 master mind flayers
 liches
 mind flayers
 erinyes (extinct)
 sharks
 electric eels
 piranha
 giant eels
 fire ants (extinct)
 jellyfish
12 species genocided.
2 species extinct.

Farvel Galadhan1 the Demigoddess...

You went to your reward with 3713332 points,
The Bell of Opening (worth 5000 zorkmids and 12500 points)
Mjollnir (worth 4000 zorkmids and 10000 points)
The Candelabrum of Invocation (worth 5000 zorkmids and 12500 points)
Grayswandir (worth 8000 zorkmids and 20000 points)
The Orb of Fate (worth 3500 zorkmids and 8750 points)
      11 agate stones (worth 2200 zorkmids),
       9 amber stones (worth 9000 zorkmids),
       8 jacinth stones (worth 26000 zorkmids),
       8 garnet stones (worth 5600 zorkmids),
       7 rubies (worth 24500 zorkmids),
       6 dilithium crystals (worth 27000 zorkmids),
       6 jasper stones (worth 3000 zorkmids),
       5 sapphires (worth 15000 zorkmids),
       4 jet stones (worth 3400 zorkmids),
       2 aquamarine stones (worth 3000 zorkmids),
       1 diamond (worth 4000 zorkmids),
       1 turquoise stone (worth 2000 zorkmids),
       1 citrine stone (worth 1500 zorkmids),
       1 chrysoberyl stone (worth 700 zorkmids),
       1 amethyst stone (worth 600 zorkmids),
       2 amulets of life saving (worth 300 zorkmids),
       1 amulet of reflection (worth 150 zorkmids),
       1 amulet of guarding (worth 150 zorkmids),
       1 amulet of flying (worth 150 zorkmids),
and 0 pieces of gold, after 74275 moves.
You were level 17 with a maximum of 170 hit points when you ascended.

